 Dungeon Crawl Stone Soup version 0.17-a0-1718-g72dbe4d (webtiles) character file.

23 KambridgeKobold the Grave Robber (level 2, -3/20 HPs)
             Began as a Mummy Necromancer on Aug 26, 2015.
             Slain by a worm (8 damage)
             ... on level 1 of the Dungeon.
             The game lasted 00:06:30 (1269 turns).

KambridgeKobold the Grave Robber (MuNe)             Turns: 1269, Time: 00:06:30

Health: -3/20      AC:  3    Str: 11    XL:     2   Next: 75%
Magic:  2/5        EV: 11    Int: 14    God:
Gold:   14         SH:  3    Dex: 12    Spells: 2 memorised, 4 levels left

rFire  x . .     SeeInvis .     f - +0 dagger
rCold  + . .     Clarity  .     a - +0 robe
rNeg   + + +     SustAt   .     h - +0 buckler
rPois  ∞         Gourm    .     (no helmet)
rElec  .         Spirit   .     d - +0 cloak
rCorr  .         Warding  .     (no gloves)
rMut   .         Stasis   .     (no boots)
MR     .....                    (no amulet)
Stlth  ++........               (no ring)
                                (no ring)

@: very slightly contaminated, not resistant to hostile enchantments, unstealthy
A: no food or potions, fire vulnerability, cold resistance 1, negative energy
resistance 3, torment resistance, unbreathing
a: no special abilities


You were on level 1 of the Dungeon.
You were not hungry.

You visited 1 branch of the dungeon, and saw 2 of its levels.

You collected 14 gold pieces.

Inventory:

Hand weapons
 f - a +0 dagger (weapon)
Armour
 a - a +0 robe (worn)
 d - a +0 cloak (worn)
 h - a +0 buckler (worn)
Scrolls
 c - a scroll of random uselessness {unknown}
 e - a scroll of immolation {unknown}
 g - a scroll of blinking {unknown}
 i - a scroll of identify {unknown}
 j - a scroll of fear {unknown}
Books
 b - a book of Necromancy

   Spells                             Type                      Level
   a - Pain                           Necromancy                   1
   b - Animate Skeleton               Necromancy                   1
   c - Vampiric Draining              Necromancy                   3
   d - Regeneration                   Charms/Necromancy            3
   e - Animate Dead                   Necromancy                   4
   f - Control Undead                 Necromancy                   4


   Skills:
 + Level 0.8 Fighting
 - Level 1.6 Dodging
 - Level 1.6 Stealth
 + Level 2.5 Spellcasting
 + Level 4.2 Necromancy


You had 4 spell levels left.
You knew the following spells:

 Your Spells              Type           Power        Failure   Level  Hunger
a - Pain                  Necr           ##..         10%         1    N/A
b - Animate Skeleton      Necr           N/A          10%         1    N/A

Dungeon Overview and Level Annotations

Branches:
Dungeon (2/15)

Altars:


Innate Abilities, Weirdness & Mutations

You do not eat or drink.
Your flesh is vulnerable to fire.
You are immune to poison.
Your flesh is cold resistant.
You are immune to negative energy.
You are immune to unholy pain and torment.
You can survive without breathing.


Message History

The worm closely misses you.
You hit the worm.
The worm is moderately wounded.
You barely miss the worm.
The worm is moderately wounded.
The worm bites you!
Ouch! That really hurt!
* * * LOW HITPOINT WARNING * * *
You barely miss the worm.
The worm is moderately wounded.
The worm misses you.
You hit the worm but do no damage.
The worm is lightly wounded.
You hit the worm but do no damage.
The worm is lightly wounded.
The worm closely misses you.
You completely miss the worm.
The worm is lightly wounded.
The worm bites you!
You die...

...............##.#..........#!..
...............##.#..........#...
#.............###.'###########...
#.#....#.....############# #....
..#...##########.#.#.#.#.####....
#.###.......# #..........!.##....
#.....%.....# ##.#.#.#.#.#.##.#.#
###.#.......###..w.......w...)..#
....#..........#@#.#.#.#.###..#..
#.###.......###..................
..###.......####.#.#.#.#.###...##
............##...)............##
.#.###########.#.#.#.#.#.###.##
.#.## ##...............# ##..#
###..#.#.#.#.#.#...# ##.##
###...#..............# #..#
#...####.#.#.#.#.#...#


You could see a worm.

Vanquished Creatures
  2 giant geckos (D:1)
  3 goblins (D:1)
  4 hobgoblins (D:1)
  2 jackals (D:1)
  A kobold (D:1)
  2 bats (D:1)
  A giant newt (D:1)
  3 rats (D:1)
18 creatures vanquished.

Vanquished Creatures (collateral kills)
  2 goblins (D:1)
2 creatures vanquished.

Grand Total: 20 creatures vanquished

Notes
Turn   | Place    | Note
--------------------------------------------------------------
     0 | D:1      | KambridgeKobold the Mummy Necromancer began the quest for the Orb.
     0 | D:1      | Reached XP level 1. HP: 13/13 MP: 3/3
    17 | D:1      | Learned a level 1 spell: Animate Skeleton
   337 | D:1      | Reached XP level 2. HP: 8/19 MP: 0/5
  1269 | D:1      | Slain by a worm

Vault maps used:
D:1:      mrwooster_arrival_statue, serial_corexii_hall, corexii_hall_statues_u,
          corexii_hall_statues_t, columned_hall_lemuel,
          kennysheep_pointless_box, st_stairs_11, minmay_statues_item,
          hangedman_abyss_or_decor_stabs, serial_bayou_pond_c
D:2:      nicolae_ashenzari_panopticon, old_standard_altar,
          guppyfry_early_orc_mine

Action                   || total
-------------------------++-------
Melee: Unarmed           ||     5
       Dagger            ||    30
 Cast: Pain              ||    40
       Animate Skeleton  ||     5
